 Dungeon Crawl Stone Soup version 0.29.1-13-g9f3cf754e1 (webtiles) character file.

Game seed: 17954286448413084635

61 bjubeck the Chopper (level 3, -1/34 HPs)
             Began as a Minotaur Berserker on Feb 7, 2023.
             Was a Follower of Trog.
             Killed by nerve-wracking pain
             ... invoked by Grinder
              (14 damage)
             ... while paralysed by Grinder
             ... on level 3 of the Dungeon.
             The game lasted 00:03:21 (1489 turns).

bjubeck the Chopper (Minotaur Berserker)            Turns: 1489, Time: 00:03:22

Health: -1/34      AC: 12    Str: 23    XL:     3   Next: 83%
Magic:  2/2        EV:  2    Int:  4    God:    Trog [*.....]
Gold:   108        SH:  0    Dex: 15    Spells: 2/2 levels left

rFire   . . .      SeeInvis .   a - +0 hand axe
rCold   . . .      Faith    .   (no shield)
rNeg    . . .      Spirit   .   g - +0 chain mail
rPois   .          Reflect  .   (helmet restricted)
rElec   .          Harm     .   (no cloak)
rCorr   .          Rampage  .   p - +2 pair of gloves
Will    .....                   (no boots)
Stlth   ..........              (no amulet)
HPRegen 0.11/turn               c - +6 ring of dexterity
MPRegen 0.08/turn               f - +4 ring of evasion

@: paralysed
A: horns 2, retaliatory headbutt
a: Renounce Religion, Berserk


You were on level 3 of the Dungeon.
You worshipped Trog.
Trog was aware of your devotion.
You visited 1 branch of the dungeon, and saw 3 of its levels.

You collected 108 gold pieces.

Inventory:

Hand Weapons
 a - a +0 hand axe (weapon)
Missiles
 j - 3 poisoned darts (quivered)
Armour
 b - a +0 animal skin
 g - a +0 chain mail (worn)
 p - a +2 pair of gloves (worn)
Jewellery
 c - a +6 ring of dexterity (left hand)
 f - a +4 ring of evasion (right hand)
 o - a ring of poison resistance
Scrolls
 d - a scroll of amnesia {unknown}
 e - a scroll of brand weapon {unknown}
 h - a scroll of summoning {unknown}
 i - a scroll of enchant armour {unknown}
 l - 2 scrolls of identify {unknown}
 m - a scroll of acquirement {unknown}
Potions
 k - a potion of curing {unknown}
 n - a potion of might {unknown}
 q - a potion of lignification {unknown}


   Skills:
 + Level 4.7 Fighting
 + Level 4.7 Axes
 + Level 2.8 Armour
 - Level 2.1 Dodging


You had 2 spell levels left.
You didn't know any spells.
Your spell library was empty.

Dungeon Overview and Level Annotations

Branches:
Dungeon (3/15)

Altars:
Dithmenos
Zin

Annotations:
D:3 Grinder


Innate Abilities, Weirdness & Mutations

You have a pair of horns on your head.
You reflexively headbutt those who attack you in melee.


Message History

Trog accepts your kill.
Things that are here:
a +0 club; a goblin skeleton
Found a stone staircase leading down.
There is a stone staircase leading down here.
Things that are here:
a +0 club; a stone Done exploring.
Done exploring.
Sorry, I don't know how to traverse that place.
There is a stone staircase leading down here.
You climb downwards.
Found a murky ruby potion.
There is a stone staircase leading up here.
Found a shadowy altar of Dithmenos.
q - a murky ruby potion Grinder comes into view.
She is carrying a wand of flame (7).
Found a white potion.
Grinder shouts!
Grinder says, "At least Makhleb appreciates what I'm doing."
Grinder zaps a wand.
The puff of flame misses you.
You closely miss Grinder. Grinder closely misses you. You furiously retaliate!
You headbutt Grinder. You hit Grinder.
Grinder is lightly wounded.
Grinder misses you.
You hit Grinder.
Grinder is moderately wounded.
Grinder blinks!
You barely miss Grinder.
Grinder is lightly wounded.
Grinder zaps a wand.
The puff of flame hits you!
You hit Grinder but do no damage.
Grinder is lightly wounded.
Grinder gestures at you.
You suddenly lose the ability to move!
Grinder hits you!
You writhe in agony.
Grinder gestures at you. Pain shoots through your body!
You die...

#. #..## ##..##...
.... #........##.##.#
#...#.....#.....
.#...........##.#
........##...##.#
#............##.#
.......<...#..5.#####
#.............#@....#
....#.........##.##.!#
#......###....##§## .#
##............#§§§# #
#########.#.#§#.#§
#.....§§§§.§
###...#§#§#§
#......#.§§ ###.... #.


You could see Grinder.

Vanquished Creatures
  A gnoll (D:1)
  An adder (D:2)
  A worm (D:2)
  2 dart slugs (D:1)
  2 bats (D:2)
  2 endoplasms
  5 giant cockroaches
  5 goblins
  3 hobgoblins
  A quokka (D:2)
  2 frilled lizards (D:2)
  4 kobolds (D:2)
  2 rats
31 creatures vanquished.

Notes
Turn   | Place    | Note
-------+----------+-------------------------------------------
     0 | D:1      | bjubeck the Minotaur Berserker began the quest for the Orb.
     0 | D:1      | Reached XP level 1. HP: 19/19 MP: 0/0
   432 | D:1      | Reached XP level 2. HP: 27/27 MP: 1/1
   838 | D:1      | Reached XP level 3. HP: 34/34 MP: 2/2
   969 | D:2      | Found a glowing silver altar of Zin.
  1463 | D:3      | Found a shadowy altar of Dithmenos.
  1474 | D:3      | Noticed Grinder
  1487 | D:3      | Paralysed by Grinder for 3 turns
  1489 | D:3      | Killed from afar by Grinder

Illustrated notes

Levels and vault maps discovered:
D:1:      dpeg_arrival_boxes_within_box, layout_loops_ring
D:2:      layout_rooms, basic_altar, grunt_decor_fettered, st_stairs_11
D:3:      minmay_bubble_buster, layout_basic, grunt_dithmenos_smoke_and_mirrors,
          cheibrodos_ashenzari_chains, serial_shops,
          nicolae_shop_competitors_out_of_business, grunt_ministairs_1,
          uniq_crazy_yiuf_cottage, uniq_grinder

Skill      XL: |  1 |
---------------+----+-----
Fighting       | 4 |  4.7
Axes           | 4 |  4.7
Armour         | |  2.8
Dodging        | |  2.1

Action                   || total
-------------------------++-------
Melee: Hand axe          ||    72
       Headbutt          ||    12
Armor: Animal skin       ||     1
       Chain mail        ||    18
Dodge: Dodged            ||    40
